Map: Dusk Towers

Players

IIIIIIIIIII

  • Race: Zerg Zerg
  • League: Master

Miszu - Winner!

  • Race: Terran Terran
  • League: Master

VOD

Have the link to the VOD?

Description

Time

  • Played on: April 18, 2016, 8:08 a.m.
  • Length: 10:59
Show
View Real Time Build Order
Export as new Build Order

IIIIIIIIIII Zerg 

Build Orders: Hatch First 

Get SALT Encoding   

  12  0:02  Drone  
  13  0:07  Drone  
  14  0:17  Overlord  
  14  0:22  Extractor  
  14  0:23  Drone  
  15  0:35  Drone x2  
  17  0:52  Hatchery  
  17  0:55  Drone  
  17  0:58  Extractor  
  17  1:01  Drone  
  17  1:14  Spawning Pool  
  16  1:20  Drone  
  16  1:23  Drone  
  18  1:30  Overlord  
  18  2:01  Metabolic Boost, Zergling x4  
  20  2:02  Queen  
  20  2:06  Queen  
  24  2:09  Drone  
  24  2:14  Drone  
  26  2:17  Drone  
  26  2:20  Drone  
  28  2:31  Drone x2  
  28  2:34  Overlord  
  30  2:39  Queen  
  32  2:50  Drone x3  
  35  2:55  Drone  
  35  2:56  Queen  
  38  3:02  Drone  
  39  3:08  Drone  
  39  3:10  Overlord  
  40  3:32  Hatchery  
  39  3:36  Drone x3  
  39  3:37  Lair  
  39  3:38  Drone x2  
  39  3:41  Drone  
  45  3:42  Drone  
  45  3:45  Extractor  
  45  3:47  Drone  
  46  3:49  Roach Warren  
  45  3:57  Drone x2  
  45  3:58  Drone  
  45  3:59  Overlord  
  45  4:01  Drone  
  49  4:09  Drone x3  
  52  4:16  Overlord x2, Evolution Chamber  
  51  4:17  Extractor  
  51  4:23  Overlord x2  
  50  4:31  Drone  
  50  4:33  Drone  
  50  4:34  Drone x2  
  50  4:36  Extractor  
  53  4:44  Roach  
  53  4:45  Roach x4  
  63  4:58  Drone x2  
  65  5:01  Zerg Missile Weapons Level 1, Glial Reconstitution  
  65  5:03  Roach x3  
  65  5:04  Drone x2  
  73  5:12  Overlord  
  73  5:14  Drone x4  
  73  5:15  Drone  
  73  5:18  Drone  
  79  5:30  Overlord  
  79  5:33  Overlord  
  79  5:34  Roach x5  
  79  5:35  Drone x2  
  91  5:36  Ravager  
  91  5:37  Ravager x2  
  91  5:40  Drone  
  91  5:41  Drone  
  96  5:43  Drone  
  96  5:45  Drone  
  98  5:50  Overlord  
  98  5:51  Overlord x2  
  98  5:54  Extractor  
  98  5:55  Drone  
  98  5:56  Extractor  
  97  6:02  Drone  
  98  6:07  Overlord x2  
  98  6:12  Drone  
  98  6:13  Drone x4  
  98  6:14  Roach x2  
  98  6:15  Roach  
  98  6:16  Roach  
  98  6:18  Ravager x4  
  115  6:25  Roach x2  
  119  6:28  Roach  
  119  6:31  Roach x3  
  119  6:32  Overlord  
  127  6:36  Roach x2  
  129  6:51  Roach x3  
  129  6:52  Roach x5  
  139  7:16  Drone x2  
  139  7:19  Zerg Missile Weapons Level 2  
  140  7:26  Roach, Drone x2  
  140  7:27  Roach  
  136  7:31  Drone x2  
  136  7:32  Drone x3  
  136  7:33  Drone x4  
  136  7:34  Overlord  
  145  7:48  Overlord x3  
  138  8:16  Roach x10  
  157  8:20  Roach x4  
  157  8:21  Roach x2  
  157  8:24  Roach  
  157  8:25  Roach x2  
  157  8:26  Roach  
  169  8:29  Roach x2  
  173  8:36  Roach  
  173  8:40  Roach  
  177  8:45  Overlord x2  
  177  8:49  Overseer  
  177  8:50  Overseer  
  177  9:02  Ravager  
  178  9:08  Ravager  
  178  9:09  Ravager x13  
  193  9:10  Ravager  
  193  9:11  Overlord x3  
  193  9:12  Drone  
  194  9:23  Pneumatized Carapace  
  194  9:26  Overlord x2  
  194  9:27  Overlord  
  194  9:29  Hatchery  
  193  9:37  Hatchery  
  153  9:39  Roach x3  
  153  9:43  Roach x2  
  106  9:46  Roach x6  
  93  9:53  Roach x3  
  93  9:55  Roach  
  93  9:58  Roach  
  85  10:09  Ravager x3  
  85  10:10  Ravager  
  85  10:11  Roach x2  
  85  10:13  Roach  
  95  10:15  Roach  
  95  10:18  Ravager  
  95  10:19  Drone x2  
  100  10:24  Roach  
  102  10:32  Roach x4  
  102  10:33  Roach  
Show
View Real Time Build Order
Export as new Build Order

Miszu Terran - Winner!

Build Orders: Reaper Expand, MMM Bio 

Get SALT Encoding   

  12  0:01  SCV  
  13  0:13  SCV  
  14  0:18  Supply Depot  
  14  0:25  SCV  
  15  0:40  SCV  
  16  0:43  Barracks  
  16  0:48  Refinery  
  16  0:52  SCV  
  18  1:04  SCV  
  18  1:16  SCV  
  19  1:30  Orbital Command  
  19  1:31  Reaper  
  20  1:39  Command Center  
  20  1:50  Supply Depot  
  20  1:55  SCV  
  21  2:03  Marine  
  21  2:07  SCV  
  23  2:14  Factory  
  23  2:19  SCV  
  24  2:25  Barracks Reactor  
  24  2:32  SCV  
  25  2:39  Command Center  
  25  2:45  SCV  
  26  2:52  Orbital Command  
  26  2:57  SCV  
  27  3:00  Barracks  
  27  3:09  SCV  
  27  3:11  Hellion x2  
  32  3:13  Barracks Tech Lab  
  32  3:18  SCV  
  33  3:21  SCV  
  34  3:30  SCV  
  34  3:33  SCV  
  36  3:41  Stimpack  
  36  3:42  SCV  
  36  3:45  SCV, Factory Reactor  
  36  3:48  Marine, Barracks  
  38  3:52  Orbital Command  
  38  3:54  SCV  
  38  3:55  Marine x2, Refinery  
  41  3:57  SCV  
  43  4:06  Marine, SCV  
  43  4:08  Supply Depot  
  43  4:09  SCV  
  46  4:13  Marine x2  
  48  4:18  SCV  
  48  4:20  Engineering Bay  
  48  4:21  Engineering Bay, Refinery, SCV  
  48  4:23  Refinery  
  50  4:29  Factory Reactor, Orbital Command  
  50  4:30  SCV  
  50  4:31  Marine x2  
  51  4:33  SCV  
  51  4:36  Starport  
  54  4:42  Supply Depot  
  54  4:43  SCV  
  55  4:46  SCV  
  56  4:53  Marine x5  
  56  4:55  SCV  
  56  4:56  SCV  
  56  4:58  SCV  
  64  5:01  Terran Infantry Weapons Level 1, Terran Infantry Armor Level 1  
  64  5:07  Supply Depot, SCV  
  64  5:09  SCV  
  64  5:10  SCV  
  64  5:11  Marine  
  68  5:14  Supply Depot  
  68  5:19  SCV  
  68  5:21  SCV  
  70  5:22  SCV  
  70  5:23  Barracks  
  70  5:24  Factory Reactor  
  70  5:25  Barracks  
  70  5:27  Marauder  
  73  5:31  SCV  
  73  5:33  SCV  
  73  5:34  SCV  
  73  5:35  Marine  
  77  5:37  Supply Depot  
  77  5:38  Medivac  
  77  5:40  Medivac  
  81  5:48  SCV x2  
  81  5:49  SCV  
  84  5:56  Marauder, Combat Shields, Armory  
  86  5:57  Supply Depot, Marine  
  86  5:58  Marine  
  86  6:00  Supply Depot, SCV  
  86  6:01  SCV x2  
  86  6:02  Marine x2  
  93  6:05  Widow Mine x2  
  97  6:12  Supply Depot, SCV  
  97  6:13  SCV  
  97  6:18  SCV  
  100  6:20  Barracks Reactor x2  
  100  6:21  Refinery, Medivac  
  100  6:23  Marine x5  
  100  6:25  SCV x2  
  109  6:40  Marine, Barracks  
  109  6:41  Marine x2, Barracks  
  109  6:42  Marauder  
  109  6:43  Barracks  
  109  6:44  Factory Tech Lab  
  109  6:46  Marine  
  112  6:57  Marine  
  112  6:58  Marine x5  
  112  6:59  Marine, Medivac x2  
  121  7:02  Supply Depot  
  121  7:03  Marauder  
  121  7:04  Supply Depot, Marine  
  121  7:06  SCV  
  119  7:15  Marine  
  119  7:17  Marine x5  
  125  7:24  Marauder, Marine x2, Siege Tank  
  130  7:32  Medivac  
  130  7:33  Marine, Medivac  
  130  7:34  Barracks Reactor, Barracks Tech Lab  
  130  7:35  Marine x2, Barracks Tech Lab  
  137  7:37  Supply Depot  
  137  7:41  Supply Depot  
  137  7:42  SCV  
  137  7:43  Marine  
  139  7:46  Marauder  
  141  7:53  Marine x2  
  141  7:57  Marine  
  141  7:58  Marine x5  
  141  7:59  Marauder  
  141  8:01  Marine  
  141  8:02  Medivac  
  149  8:07  Marauder  
  149  8:11  Marine x2  
  149  8:12  Marine  
  154  8:14  Marine  
  154  8:15  Marine  
  154  8:16  Marine  
  157  8:21  Marine x2  
  157  8:24  Marine, Marauder  
  157  8:27  Terran Infantry Armor Level 2, Terran Infantry Weapons Level 2  
  157  8:30  Concussive Shells  
  157  8:37  Supply Depot  
  157  8:39  Supply Depot, Marauder x2, Marine x3, Siege Tank  
  157  8:40  Supply Depot x2  
  167  8:42  Supply Depot  
  167  8:44  Marine x2  
  167  8:45  Marauder  
  167  8:47  Marine x2  
  173  8:58  Marine, Reaper x2  
  173  9:01  Marine, Marauder x2  
  173  9:02  Marine x3  
  184  9:03  Medivac x2  
  184  9:06  Marauder  
  184  9:08  Marine  
  189  9:10  Widow Mine  
  189  9:15  Command Center  
  189  9:16  Refinery  
  191  9:22  Marauder x2  
  191  9:24  Marine x5  
  176  9:41  Marine x5, Marauder  
  176  9:42  Marine x5, Siege Tank  
  176  9:43  Marine x2  
  135  9:59  Marine x6, Medivac x2  
  141  10:00  Marine x4  
  141  10:01  Marauder x2  
  141  10:03  Marauder  
  152  10:14  Siege Tank  
  152  10:16  Marine  
  152  10:17  Marine x6  
  152  10:18  Marine x3  
  165  10:22  Marine, Marauder  
  165  10:23  Marine  
  167  10:29  Medivac  
  167  10:34  Marine  
  167  10:35  Marine x9  
Tags
 
Add a new tag
Caveats
  • Supply blocks, unpowered buildings, or Contaminate may cause inaccurate times.
  • Supply counts are checked every 10 seconds.